[Event "ICC tourney 2808 (40 10)"]
[Site "Internet Chess Club"]
[Date "2022.01.29"]
[Round "2"]
[White "BOGIN, THEODORE:tbogin1"]
[Black "SUNDARAM, SREE:SreeVSundaram"]
[Result "1-0"]
[ICCResult "Black checkmated"]
[WhiteElo "1492"]
[BlackElo "1180"]
[Opening "Sicilian: closed"]
[ECO "B23"]
[NIC "SI.44"]
[Time "13:16:12"]
[PlyCount "39"]
[TimeControl "2400+10"]

1. e4 c5 2. Nc3 e6 3. f4 Nc6 4. Bb5 a6 5. Bxc6 bxc6 6. e5 Ne7 7. Ne4 Ng6 8.
d3 Be7 9. Be3 O-O 10. Nf3 Re8 11. O-O d6 12. exd6 Bxd6 13. Nxd6 Qxd6 14. Nd2
e5 15. Ne4 Qc7 16. f5 Ne7 17. Bxc5 Nxf5 18. Qh5 Nd4 19. Ng5 Be6 20. Qxh7#
{Black checkmated}
1-0

[Event "ICC tourney 2808 (40 10)"]
[Site "Internet Chess Club"]
[Date "2022.01.29"]
[Round "2"]
[White "LIU, JOSHUA:JoshuaJMLiu"]
[Black "Jones, Richard S:weakfish"]
[Result "0-1"]
[ICCResult "White resigns"]
[WhiteElo "909"]
[BlackElo "1422"]
[Opening "Caro-Kann: advance variation"]
[ECO "B12"]
[NIC "CK.04"]
[Time "13:16:01"]
[PlyCount "60"]
[TimeControl "2400+10"]

1. e4 c6 2. d4 d5 3. e5 Bf5 4. Nf3 e6 5. Bd3 Bxd3 6. Qxd3 Nd7 7. Nc3 Bb4 8.
O-O Ne7 9. a3 Ba5 10. b4 Bb6 11. Nh4 a5 12. b5 c5 13. Ne2 cxd4 14. Nxd4 Nxe5
15. Qe3 N5g6 16. Nxg6 hxg6 17. Qf4 Bc7 18. Qf3 Bxh2+ 19. Kh1 Be5+ 20. Kg1
Bxd4 21. Rb1 Rc8 22. Be3 Bf6 23. Rbc1 Qc7 24. g3 Nf5 25. b6 Qd8 26. Rfd1
Nxe3 27. Qxe3 Bg5 28. f4 Be7 29. Kg2 Bc5 30. Qe5 Qf6 {White resigns} 0-1

[Event "ICC tourney 2808 (40 10)"]
[Site "Internet Chess Club"]
[Date "2022.01.29"]
[Round "2"]
[White "HAMLETT, JAMES MORRISON:Hamlett144"]
[Black "GUDURU, ROHAN:K09-30059169"]
[Result "1-0"]
[ICCResult "Black checkmated"]
[WhiteElo "1276"]
[BlackElo "847"]
[Opening "Evans gambit declined"]
[ECO "C51"]
[NIC "IG.05"]
[Time "13:15:31"]
[PlyCount "109"]
[TimeControl "2400+10"]

1. e4 e5 2. Nf3 Nc6 3. Bc4 Bc5 4. b4 Bb6 5. b5 Nce7 6. Nxe5 d5 7. exd5 Nxd5
8. Qf3 Ngf6 9. O-O O-O 10. Bb2 Nb4 11. Qb3 Nbd5 12. Nc3 Be6 13. Nxd5 Bxd5
14. Bxd5 Qxd5 15. Qxd5 Nxd5 16. Nd7 Rfe8 17. c4 Nb4 18. c5 Ba5 19. Bc3 Rad8
20. a3 Nc2 21. Ra2 Bxc3 22. Rxc2 Bd4 23. c6 bxc6 24. bxc6 Re6 25. g3 Rd6 26.
Rb1 Bb6 27. a4 a5 28. Nxb6 cxb6 29. Rxb6 Rc8 30. Ra6 g6 31. Rxa5 Rdxc6 32.
Rxc6 Rxc6 33. Kf1 Re6 34. Rd5 Ra6 35. a5 Kg7 36. Ke2 Kf6 37. Ke3 Ke6 38. Kd4
h5 39. Kc4 Rc6+ 40. Rc5 Rd6 41. d4 Kf6 42. d5 Ke5 43. f4+ Ke4 44. Kb5 f5 45.
a6 Rd8 46. a7 Ra8 47. Kb6 Kf3 48. Kb7 Rxa7+ 49. Kxa7 Kg2 50. Rc2+ Kf3 51. d6
Kg4 52. d7 g5 53. d8=Q gxf4 54. Qh4+ Kf3 55. Qxf4# {Black checkmated} 1-0

[Event "ICC tourney 2808 (40 10)"]
[Site "Internet Chess Club"]
[Date "2022.01.29"]
[Round "2"]
[White "CAO, DANIEL:danielcao"]
[Black "SREEKUMAR, GAYATHRI:K01-30061958"]
[Result "1-0"]
[ICCResult "Black checkmated"]
[WhiteElo "1318"]
[BlackElo "933"]
[Opening "Sicilian: dragon variation"]
[ECO "B70"]
[NIC "SI.15"]
[Time "13:15:33"]
[PlyCount "73"]
[TimeControl "2400+10"]

1. e4 c5 2. Nf3 d6 3. d4 cxd4 4. Nxd4 Nf6 5. Nc3 g6 6. Bc4 Bg7 7. Be3 O-O 8.
Qd2 Nc6 9. O-O-O Bd7 10. Nb3 Rc8 11. Bh6 Ne5 12. Be2 Qa5 13. Nxa5 Rc7 14.
Bxg7 Kxg7 15. f4 Neg4 16. Bxg4 Bxg4 17. Rdf1 Rfc8 18. e5 dxe5 19. fxe5 Nd7
20. e6 Bxe6 21. Qd4+ Kg8 22. Re1 Nb6 23. Rxe6 fxe6 24. Qe4 Kf8 25. Rf1+ Ke8
26. Qxe6 Rb8 27. Nb5 Rcc8 28. Nd6+ Kd8 29. Rf8+ Kc7 30. Qxe7+ Nd7 31. Nxc8
Rxc8 32. Rxc8+ Kxc8 33. Nxb7 Kxb7 34. Qxd7+ Ka6 35. Qc6+ Ka5 36. a3 g5 37.
b4# {Black checkmated} 1-0

[Event "ICC tourney 2808 (40 10)"]
[Site "Internet Chess Club"]
[Date "2022.01.29"]
[Round "2"]
[White "Sreekumar, Gauri:gsgirl"]
[Black "Hua, Joshua:lovealek"]
[Result "1-0"]
[ICCResult "Black resigns"]
[WhiteElo "1448"]
[BlackElo "493"]
[Opening "Grünfeld: Three knights variation"]
[ECO "D90"]
[NIC "GI.07"]
[Time "13:15:39"]
[PlyCount "20"]
[TimeControl "2400+10"]

1. Nf3 Nf6 2. d4 g6 3. c4 Bg7 4. Nc3 d5 5. g3 O-O 6. Bg2 c6 7. O-O dxc4 8.
e3 b5 9. Ne5 Qc7 10. Nxb5 a6 {Black resigns} 1-0

[Event "ICC tourney 2808 (40 10)"]
[Site "Internet Chess Club"]
[Date "2022.01.29"]
[Round "2"]
[White "Bharathy Mohan, Aarav Sai:aaravbm"]
[Black "YOUNG, BRUCE:Brucehero"]
[Result "0-1"]
[ICCResult "White checkmated"]
[WhiteElo "896"]
[BlackElo "1234"]
[Opening "Four knights: Italian variation"]
[ECO "C47"]
[NIC "KP.06"]
[Time "13:15:33"]
[PlyCount "72"]
[TimeControl "2400+10"]

1. e4 e5 2. Nf3 Nc6 3. Nc3 Nf6 4. Bc4 Nxe4 5. Nxe4 d5 6. Bd3 dxe4 7. Bxe4
Qd6 8. Bxc6+ Qxc6 9. O-O f6 10. Re1 Bf5 11. Nd4 Qd7 12. Nxf5 Qxf5 13. d3
O-O-O 14. h3 h5 15. Bd2 g5 16. Re4 Bc5 17. Be3 Bxe3 18. Rxe3 g4 19. h4 Qe6
20. g3 f5 21. Qe2 Rhe8 22. a3 Qf6 23. c3 f4 24. gxf4 Qxf4 25. d4 Rd7 26.
Rxe5 Red8 27. Ra5 Kb8 28. Re1 g3 29. Rxh5 gxf2+ 30. Qxf2 Qg4+ 31. Qg2 Qxh5
32. Qe4 Rg7+ 33. Kh2 Rg4 34. Qe7 Rxh4+ 35. Kg1 Rg8+ 36. Kf1 Qf3#
{White checkmated}
0-1

[Event "ICC tourney 2808 (40 10)"]
[Site "Internet Chess Club"]
[Date "2022.01.29"]
[Round "2"]
[White "SCHWARTZ, DOUGLAS S:Douglas1"]
[Black "ARI, SRINANDASAI:srinandasai12"]
[Result "0-1"]
[ICCResult "White checkmated"]
[WhiteElo "1393"]
[BlackElo "1168"]
[Opening "Sicilian: dragon variation"]
[ECO "B70"]
[NIC "SI.15"]
[Time "13:15:17"]
[PlyCount "82"]
[TimeControl "2400+10"]

1. e4 c5 2. Nf3 d6 3. d4 cxd4 4. Nxd4 Nf6 5. Nc3 g6 6. Bb5+ Bd7 7. Bxd7+
Qxd7 8. O-O Bg7 9. Nf3 O-O 10. Re1 Nc6 11. Bg5 Rad8 12. Qd2 Ne8 13. Bh6 Ne5
14. Nxe5 dxe5 15. Qxd7 Rxd7 16. Bxg7 Kxg7 17. Rad1 Nd6 18. Re2 Rc7 19. Nd5
Rd7 20. Nc3 Rc8 21. g3 Kf8 22. Red2 Rdc7 23. h4 Rc4 24. f3 Rb4 25. Rb1 Rxc3
26. bxc3 Rxb1+ 27. Kg2 Rb2 28. a3 Ke8 29. Rd5 Rxc2+ 30. Kh3 Rxc3 31. Kg4
Rxa3 32. Rxe5 f6 33. Rd5 h5+ 34. Kf4 e5+ 35. Rxe5+ fxe5+ 36. Kg5 Kf7 37. g4
Rxf3 38. gxh5 Nxe4+ 39. Kh6 gxh5 40. Kxh5 Rf4 41. Kh6 Rxh4# {White
checkmated} 0-1

[Event "ICC tourney 2808 (40 10)"]
[Site "Internet Chess Club"]
[Date "2022.01.29"]
[Round "2"]
[White "NANDURBARKAR, ANSH S:anandurbarkar"]
[Black "SISTA, SAI VIJAY HIMAGHNA:Chessboy5"]
[Result "1-0"]
[ICCResult "Black checkmated"]
[WhiteElo "1009"]
[BlackElo "1263"]
[Opening "Sicilian: accelerated fianchetto, modern variation"]
[ECO "B34"]
[NIC "SI.31"]
[Time "13:15:19"]
[PlyCount "131"]
[TimeControl "2400+10"]

1. e4 c5 2. Nf3 Nc6 3. Nc3 g6 4. d4 cxd4 5. Nxd4 Bg7 6. Nxc6 bxc6 7. Bd2 d5
8. exd5 cxd5 9. Bb5+ Bd7 10. Bxd7+ Qxd7 11. Qf3 Nf6 12. O-O O-O 13. Ne2 Ne4
14. Qd3 Nxd2 15. Qxd2 Bxb2 16. Rad1 Rfd8 17. c4 Bg7 18. cxd5 e6 19. Nf4 g5
20. Nh3 Qxd5 21. Qxd5 Rxd5 22. Rxd5 exd5 23. Nxg5 Bf6 24. Nf3 d4 25. Rd1 Rb8
26. h3 Rb4 27. Rd2 Kg7 28. Kh2 a5 29. Kg3 a4 30. a3 Rb3 31. Ra2 d3 32. Kf4
Be5+ 33. Kxe5 Rc3 34. Nd4 Kg6 35. Ke4 f5+ 36. Ke3 Kf6 37. Kd2 Rc5 38. Kxd3
Rd5 39. Kc4 Ke5 40. Nf3+ Kd6 41. Kb4 Rc5 42. Kxa4 Kd5 43. Kb4 Rc4+ 44. Kb3
Rc5 45. Rd2+ Ke6 46. Nd4+ Ke5 47. f4+ Ke4 48. Kb4 Rd5 49. Nf3 Rxd2 50. Nxd2+
Kxf4 51. a4 Kg3 52. a5 Kxg2 53. h4 f4 54. a6 Kf2 55. a7 Ke2 56. Ne4 f3 57.
a8=Q Ke3 58. Ng5 f2 59. Qf3+ Kd2 60. Qxf2+ Kd3 61. Qf4 Ke2 62. Qf3+ Kd2 63.
Kc4 Kc2 64. Qe2+ Kb1 65. Kb3 Ka1 66. Qb2# {Black checkmated} 1-0

[Event "ICC tourney 2808 (40 10)"]
[Site "Internet Chess Club"]
[Date "2022.01.29"]
[Round "2"]
[White "SATHYAN, TEJESH MAYURAN:tjsathyan"]
[Black "YADHUNANDAN, ADIDEV:Yadhunandan"]
[Result "1-0"]
[ICCResult "Black checkmated"]
[WhiteElo "1169"]
[BlackElo "756"]
[Opening "Scandinavian (center counter) defense"]
[ECO "B01"]
[NIC "SD.02"]
[Time "13:15:23"]
[PlyCount "125"]
[TimeControl "2400+10"]

1. e4 d5 2. exd5 Qxd5 3. Nc3 Qd8 4. Nf3 Nc6 5. d4 Nf6 6. Bd3 Be6 7. Be3 Qd7
8. O-O O-O-O 9. h3 a6 10. a3 h6 11. Ne2 g5 12. c4 g4 13. hxg4 Bxg4 14. d5
Nb8 15. Ne5 Bxe2 16. Qxe2 Qe8 17. b4 Nbd7 18. Bd4 Nxe5 19. Bxe5 Rg8 20. Rfe1
Ng4 21. Bf5+ e6 22. dxe6 fxe6 23. Bxg4 Qg6 24. Bh3 Rd3 25. Bg3 Bd6 26. Qxe6+
Kb8 27. Qxg6 Rxg6 28. Bf5 Rgxg3 29. fxg3 Rxg3 30. c5 Bf4 31. a4 Be3+ 32. Kf1
h5 33. Ra3 Bf4 34. Rxg3 Bxg3 35. Re8+ Ka7 36. Bg6 h4 37. Ke2 b6 38. c6 b5
39. axb5 axb5 40. Bd3 Kb6 41. Rb8+ Ka6 42. Bxb5+ Ka7 43. Rg8 Kb6 44. Rg5 Bd6
45. Ba4 Bxb4 46. Rb5+ Kxc6 47. Rxb4+ Kd6 48. Rxh4 Ke5 49. Rc4 Kf5 50. Rxc7
Kg4 51. Rg7+ Kf4 52. Kf2 Kf5 53. Rf7+ Kg4 54. Rf3 Kh4 55. Rh3+ Kg5 56. Kf3
Kf5 57. Rg3 Kf6 58. Rg4 Kf5 59. Bc2+ Kf6 60. Kf4 Kf7 61. Kf5 Kf8 62. Ke6 Ke8
63. Rg8# {Black checkmated} 1-0

[Event "ICC tourney 2808 (40 10)"]
[Site "Internet Chess Club"]
[Date "2022.01.29"]
[Round "2"]
[White "Wadhwa, Tejas:WinPeps"]
[Black "WESLEY, GEORGE:Maglars"]
[Result "0-1"]
[ICCResult "White checkmated"]
[WhiteElo "680"]
[BlackElo "1227"]
[Opening "Scandinavian (center counter) defense"]
[ECO "B01"]
[NIC "SD.01"]
[Time "13:15:21"]
[PlyCount "46"]
[TimeControl "2400+10"]

1. e4 d5 2. exd5 Qxd5 3. Nc3 Qa5 4. Nf3 c6 5. h3 Nf6 6. d4 Bf5 7. Bd2 e6 8.
Ne4 Qd8 9. Nc3 Bd6 10. Ne5 O-O 11. Rc1 Nbd7 12. f4 Qb6 13. g4 Be4 14. Rh2
Qxd4 15. Nxd7 Nxd7 16. Qe2 Nc5 17. Rd1 Bd5 18. Be3 Qb4 19. Bc1 Bxf4 20. Bxf4
Qxf4 21. Nxd5 exd5 22. Qd2 Rfe8+ 23. Re2 Qg3# {White checkmated} 0-1

[Event "ICC tourney 2808 (40 10)"]
[Site "Internet Chess Club"]
[Date "2022.01.29"]
[Round "2"]
[White "HUANG, TERRY TIANYI:hhuangterry"]
[Black "ZHANG, FRED:Fredzhang"]
[Result "1-0"]
[ICCResult "Black checkmated"]
[WhiteElo "1177"]
[BlackElo "1494"]
[Opening "QGD Slav: 4.Nc3"]
[ECO "D15"]
[NIC "SL.03"]
[Time "13:15:30"]
[PlyCount "113"]
[TimeControl "2400+10"]

1. d4 d5 2. c4 c6 3. Nf3 Nf6 4. Nc3 Bg4 5. Ne5 Bf5 6. Bf4 Nbd7 7. e3 e6 8.
cxd5 exd5 9. Be2 Bb4 10. a3 Bxc3+ 11. bxc3 Qc7 12. Nxf7 Qc8 13. Nd6+ Kd8 14.
Nxc8 Rxc8 15. Bd3 Be6 16. Qa4 a6 17. Rb1 b5 18. Qxa6 Ne8 19. Qa5+ Ke7 20.
Qb4+ Kd8 21. Bg5+ Nef6 22. Qd6 Re8 23. Bxf6+ gxf6 24. Kd2 h6 25. a4 Re7 26.
axb5 cxb5 27. Bxb5 Ke8 28. Bxd7+ Bxd7 29. Qxd5 Kd8 30. Qd6 Re6 31. Qf4 h5
32. Rb8 Rxb8 33. Qxb8+ Ke7 34. Rb1 h4 35. Rb6 Rxb6 36. Qxb6 Kf7 37. c4 Ke7
38. c5 Kf7 39. c6 Be6 40. Qb7+ Kg6 41. c7 h3 42. c8=Q Bxc8 43. Qxc8 hxg2 44.
Qg4+ Kf7 45. Qxg2 f5 46. h4 Kf6 47. Qg5+ Ke6 48. h5 f4 49. d5+ Kd6 50. h6
fxe3+ 51. Kxe3 Kc5 52. h7 Kc4 53. h8=Q Kc5 54. d6+ Kc4 55. Qd4+ Kb3 56. Qb5+
Kc2 57. Qbb2# {Black checkmated} 1-0

[Event "ICC tourney 2808 (40 10)"]
[Site "Internet Chess Club"]
[Date "2022.01.29"]
[Round "2"]
[White "TOUS, SEBASTIAN:SeaBiscuit12"]
[Black "JAIN, PARINYA:StockAlpha2020"]
[Result "0-1"]
[ICCResult "White resigns"]
[WhiteElo "1014"]
[BlackElo "1288"]
[Opening "English: four knights, 4.e3"]
[ECO "A28"]
[NIC "EO.06"]
[Time "13:15:27"]
[PlyCount "70"]
[TimeControl "2400+10"]

1. c4 e5 2. Nc3 Nf6 3. Nf3 Nc6 4. e3 Bc5 5. Nxe5 Nxe5 6. d4 Bd6 7. dxe5 Bxe5
8. Be2 O-O 9. O-O c6 10. Qc2 Qc7 11. h3 d5 12. b3 Ne4 13. Bb2 Bf5 14. Bd3
Bg6 15. Rac1 Rad8 16. f3 Bh2+ 17. Kh1 Ng3+ 18. Kxh2 Nxf1+ 19. Kg1 Nxe3 20.
Qe2 Bxd3 21. Qxd3 d4 22. Ne4 c5 23. Re1 f5 24. Nd2 Qg3 25. Re2 Rfe8 26. Nf1
Qg5 27. Bc1 f4 28. Nd2 Re6 29. Ne4 Qh5 30. Kh1 Rde8 31. Nf2 Nf5 32. Rxe6
Ng3+ 33. Kh2 Rxe6 34. Bxf4 Ne2 35. Ne4 Nxf4 {White resigns} 0-1

[Event "ICC tourney 2808 (40 10)"]
[Site "Internet Chess Club"]
[Date "2022.01.29"]
[Round "2"]
[White "LEE, JEFFREY ALAN:jleecbd"]
[Black "MADSEN, STUART:gmstuartscott"]
[Result "1-0"]
[ICCResult "Black checkmated"]
[WhiteElo "1140"]
[BlackElo "717"]
[Opening "Scotch: Schmidt variation"]
[ECO "C45"]
[NIC "SO.04"]
[Time "13:15:33"]
[PlyCount "77"]
[TimeControl "2400+10"]

1. e4 e5 2. Nf3 Nc6 3. d4 exd4 4. Nxd4 Nf6 5. Nc3 Ne5 6. Bg5 Be7 7. Bxf6
Bxf6 8. Qe2 c6 9. g3 O-O 10. O-O-O d6 11. f4 Bg4 12. Qd2 Nf3 13. Nxf3 Bxf3
14. Bg2 Bxd1 15. Rxd1 Bxc3 16. Qxc3 Re8 17. h4 Qb6 18. Qe1 Rad8 19. h5 Re6
20. Bh3 Re7 21. h6 g6 22. Qc3 f5 23. Qf6 Qc7 24. exf5 Rf7 25. Qe6 Qe7 26.
Qxe7 Rxe7 27. f6 Ree8 28. g4 Re3 29. Bf1 Rf3 30. f5 g5 31. Bc4+ d5 32. Be2
Rf2 33. Bd3 Rg2 34. Re1 Kf7 35. Re7+ Kg8 36. Rg7+ Kh8 37. f7 Rf8 38. f6 Rxg4
39. Rxh7# {Black checkmated} 1-0

[Event "ICC tourney 2808 (40 10)"]
[Site "Internet Chess Club"]
[Date "2022.01.29"]
[Round "2"]
[White "Mason, Nelson:nelsonmason"]
[Black "BRUDNO, STEPHEN:StevChess01"]
[Result "0-1"]
[ICCResult "White resigns"]
[WhiteElo "1173"]
[BlackElo "1440"]
[Opening "Sicilian: O'Kelly variation"]
[ECO "B28"]
[NIC "SI.43"]
[Time "13:15:30"]
[PlyCount "94"]
[TimeControl "2400+10"]

1. e4 c5 2. Nf3 a6 3. c3 d5 4. d4 dxe4 5. Ne5 cxd4 6. cxd4 Nf6 7. Nc3 e6 8.
Bc4 Be7 9. O-O O-O 10. Qc2 b5 11. Bb3 Qxd4 12. Bf4 Bb7 13. Rad1 Qc5 14. Ne2
Qxc2 15. Bxc2 Nc6 16. a3 Nxe5 17. Bxe5 Rac8 18. Bc3 Rfd8 19. Ng3 Rxd1 20.
Rxd1 Rd8 21. Rxd8+ Bxd8 22. Bxf6 Bxf6 23. b4 Bb2 24. a4 f5 25. axb5 axb5 26.
Bb3 Bd5 27. Bxd5 exd5 28. Nxf5 Kf7 29. Nd6+ Ke6 30. Nxb5 Kd7 31. Kf1 Kc6 32.
Na7+ Kb6 33. Nc8+ Kb5 34. Nd6+ Kxb4 35. Nxe4 dxe4 36. Ke2 Kc4 37. f3 exf3+
38. Kxf3 Kd3 39. g4 Bc1 40. h3 Bd2 41. Kg3 Ke4 42. Kg2 Be1 43. Kf1 Bh4 44.
Kg2 Ke3 45. Kh2 Kf3 46. Kh1 Kg3 47. Kg1 Kxh3 {White resigns} 0-1

[Event "ICC tourney 2808 (40 10)"]
[Site "Internet Chess Club"]
[Date "2022.01.29"]
[Round "2"]
[White "FILOSOFOV, VASILII:Filosofov"]
[Black "RAMANATHAN, VARUN:Grasshopper411"]
[Result "1/2-1/2"]
[ICCResult "Game drawn by repetition"]
[WhiteElo "1379"]
[BlackElo "1062"]
[Opening "Caro-Kann: Tartakower (fantasy) variation"]
[ECO "B12"]
[NIC "CK.02"]
[Time "13:15:25"]
[PlyCount "190"]
[TimeControl "2400+10"]

1. e4 c6 2. d4 d5 3. f3 Nf6 4. e5 Ng8 5. f4 Bf5 6. Nc3 h6 7. Nf3 e6 8. Bd3
Bxd3 9. Qxd3 c5 10. dxc5 Bxc5 11. Be3 Bxe3 12. Qxe3 Nc6 13. Nb5 Qa5+ 14. Nc3
Rd8 15. O-O-O Nge7 16. Nd4 Nxd4 17. Qxd4 Nc6 18. Qa4 Qb6 19. Nb5 O-O 20. g4
a6 21. Nd6 Rd7 22. h4 Rc7 23. Kb1 Na5 24. h5 Nc6 25. Rdg1 f5 26. gxf5 exf5
27. Qa3 Nd4 28. Qd3 Rxc2 29. Qxc2 Nxc2 30. Kxc2 Qf2+ 31. Kb1 Qxf4 32. Nxb7
Qe4+ 33. Ka1 Rb8 34. Nc5 Qd4 35. Nb3 Qxe5 36. Rg2 f4 37. Rhg1 f3 38. Rf2 Qe3
39. Rgf1 Re8 40. Nd2 d4 41. Nb1 Qg5 42. Rxf3 Qxh5 43. Rd3 Qc5 44. Rfd1 Rd8
45. Nc3 dxc3 46. Rxd8+ Kh7 47. bxc3 Qxc3+ 48. Kb1 a5 49. R8d3 Qb4+ 50. Rb3
Qe4+ 51. Rdd3 a4 52. Ra3 Qb4+ 53. Kc2 h5 54. Rh3 g6 55. Rac3 Kh6 56. a3 Qd4
57. Rhd3 Qf2+ 58. Rd2 Qf5+ 59. Rdd3 h4 60. Rc4 h3 61. Rh4+ Kg5 62. Rxh3 Qc5+
63. Kd2 Qf2+ 64. Kc3 Qc5+ 65. Kb2 Qf2+ 66. Kc1 Qf1+ 67. Kc2 Qe2+ 68. Kc3
Qe5+ 69. Kb4 Qe7+ 70. Kxa4 Qa7+ 71. Kb4 Qb6+ 72. Kc4 Qa6+ 73. Kd4 Qd6+ 74.
Ke3 Qf4+ 75. Ke2 Qe4+ 76. Kf2 Qf4+ 77. Kg2 Qe4+ 78. Rdf3 Qe2+ 79. Rf2 Qe4+
80. Kh2 Qe5+ 81. Rg3+ Kh6 82. Rg2 g5 83. Kh1 Qe1+ 84. Kh2 Qe5 85. Kh3 Qe6+
86. Rg4 Qe3+ 87. R2g3 Qc1 88. Rxg5 Qh1+ 89. Kg4 Qe4+ 90. Kh3 Qh1+ 91. Kg4
Qe4+ 92. Kh3 Qh1+ 93. Kg4 Qe4+ 94. Kh3 Qh1+ 95. Kg4 Qe4+
{Game drawn by repetition}
1/2-1/2

[Event "ICC tourney 2808 (40 10)"]
[Site "Internet Chess Club"]
[Date "2022.01.29"]
[Round "2"]
[White "THAPER, RISHUBH:MajorKey"]
[Black "Liwat, Lowell K:moneymo"]
[Result "0-1"]
[ICCResult "White resigns"]
[WhiteElo "1121"]
[BlackElo "1392"]
[Opening "Old Benoni defense"]
[ECO "A44"]
[NIC "OI.09"]
[Time "13:15:19"]
[PlyCount "86"]
[TimeControl "2400+10"]

1. d4 c5 2. d5 e5 3. c4 d6 4. Nc3 Be7 5. e4 Na6 6. Nf3 g5 7. h3 h5 8. Be2
Nc7 9. Be3 Kf8 10. Qd2 f6 11. a3 Bd7 12. b4 b6 13. bxc5 bxc5 14. Bxc5 dxc5
15. d6 Ne6 16. dxe7+ Qxe7 17. Rb1 Bc6 18. Nd5 Qd8 19. h4 g4 20. Nh2 Nf4 21.
O-O f5 22. exf5 Nxd5 23. cxd5 Qxd5 24. Qxd5 Bxd5 25. Rfd1 Nf6 26. Rb5 Rc8
27. Rc1 Nd7 28. f3 Ke7 29. fxg4 hxg4 30. Nxg4 Rxh4 31. f6+ Kd6 32. Rf1 Rch8
33. Rf5 Be4 34. Rf1 Rh1+ 35. Kf2 Rxf1+ 36. Bxf1 Rf8 37. Ke3 Bc6 38. Ra5 Nxf6
39. Nxf6 Rxf6 40. Bc4 Bxg2 41. Ra6+ Bc6 42. Bb5 Kd5 43. Kd3 Bxb5+
{White resigns}
0-1

[Event "ICC tourney 2808 (40 10)"]
[Site "Internet Chess Club"]
[Date "2022.01.29"]
[Round "2"]
[White "CHANDRANI, AADI:soreairplane"]
[Black "ZHAO, DANSON:K01-30127679"]
[Result "1/2-1/2"]
[ICCResult "Game drawn by mutual agreement"]
[WhiteElo "1434"]
[BlackElo "1110"]
[Opening "Scotch game"]
[ECO "C45"]
[NIC "SO.04"]
[Time "13:16:12"]
[PlyCount "136"]
[TimeControl "2400+10"]

1. e4 e5 2. Nf3 Nc6 3. d4 exd4 4. Nxd4 Nxd4 5. Qxd4 d6 6. Bc4 Be7 7. Nc3 Nf6
8. O-O O-O 9. Nd5 Nxd5 10. exd5 Bf6 11. Qd3 a6 12. c3 Bg4 13. Be3 Bh5 14. f4
Re8 15. h3 h6 16. f5 Bh4 17. g4 Qe7 18. Bf2 Bxf2+ 19. Rxf2 Qg5 20. Qd2 Re3
21. Rg2 Bxg4 22. hxg4 Rae8 23. Rf1 Qh4 24. Qf2 Qg5 25. Qf4 Qh4 26. Rh2 Rg3+
27. Kh1 Rh3 28. Rxh3 Qxh3+ 29. Qh2 Qxg4 30. Rf4 Qd1+ 31. Bf1 Qxd5+ 32. Qg2
Qe5 33. Rf2 Qe1 34. Re2 Rxe2 35. Qxe2 Qh4+ 36. Kg1 Qg5+ 37. Bg2 Qc1+ 38. Kh2
Qf4+ 39. Kg1 Qc1+ 40. Kf2 Qf4+ 41. Ke1 Qc1+ 42. Kf2 Qf4+ 43. Bf3 Qh2+ 44.
Ke3 Qe5+ 45. Kd2 Qf4+ 46. Kc2 Qa4+ 47. Kd3 Qb5+ 48. Kc2 Qa4+ 49. Kb1 c6 50.
Qe8+ Kh7 51. Qxf7 Qf4 52. Qg6+ Kh8 53. Qe8+ Kh7 54. Qe4 Qxe4+ 55. Bxe4 Kg8
56. Kc2 Kf7 57. Kd3 d5 58. Bf3 Kf6 59. Bg4 b6 60. Ke3 h5 61. Bxh5 Kxf5 62.
Be8 c5 63. Bc6 Ke5 64. Kf3 d4 65. c4 Kd6 66. Be4 b5 67. cxb5 axb5 68. Ke2 b4
{Game drawn by mutual agreement}
1/2-1/2

[Event "ICC tourney 2808 (40 10)"]
[Site "Internet Chess Club"]
[Date "2022.01.29"]
[Round "2"]
[White "CHANG, ALEXANDER:Elatedbook"]
[Black "SUNDARAM, KAVIN:weirdchicken"]
[Result "1-0"]
[ICCResult "Black checkmated"]
[WhiteElo "1226"]
[BlackElo "876"]
[Opening "Scandinavian (center counter) defense"]
[ECO "B01"]
[NIC "SD.01"]
[Time "13:15:36"]
[PlyCount "69"]
[TimeControl "2400+10"]

1. e4 d5 2. exd5 Qxd5 3. Nc3 Qa5 4. d4 c6 5. Nf3 Bf5 6. Bc4 Nd7 7. O-O Ngf6
8. Re1 e6 9. Bd2 Qc7 10. Ne5 Bd6 11. Bf4 Nb6 12. Bd3 Bg6 13. Bg3 O-O-O 14.
Ne4 Nxe4 15. Bxe4 Qe7 16. Bxc6 Bxe5 17. Bxb7+ Qxb7 18. Bxe5 h5 19. Bxg7 Rhg8
20. Bf6 Bf5 21. f3 Rd7 22. c3 Rg6 23. Bh4 f6 24. Qe2 Rdg7 25. Bg3 Nd5 26.
Rad1 h4 27. Bxh4 Nf4 28. Qc4+ Kb8 29. Bg3 Ka8 30. Rd2 Bd3 31. Rxd3 Nxd3 32.
Qxd3 Qxb2 33. Qc4 Qb6 34. Qc8+ Qb8 35. Qxb8# {Black checkmated} 1-0

[Event "ICC tourney 2808 (40 10)"]
[Site "Internet Chess Club"]
[Date "2022.01.29"]
[Round "2"]
[White "Nagarajan, Ramesh:rnagaraj"]
[Black "Agahian, Ryan:AgahianR"]
[Result "0-1"]
[ICCResult "White resigns"]
[WhiteElo "1201"]
[BlackElo "836"]
[Opening "Sicilian"]
[ECO "B50"]
[NIC "SI.01"]
[Time "13:15:17"]
[PlyCount "94"]
[TimeControl "2400+10"]

1. e4 c5 2. Nf3 d6 3. Bc4 Nf6 4. Nc3 g6 5. d4 cxd4 6. Nxd4 Bg7 7. f3 O-O 8.
Be3 a6 9. a3 b5 10. Ba2 Bb7 11. O-O Nc6 12. Qd2 Rc8 13. Nde2 Qc7 14. Bh6 Ne5
15. Bxg7 Kxg7 16. Rab1 Rfd8 17. Nf4 d5 18. Nfxd5 Nxd5 19. exd5 e6 20. Qf2
exd5 21. f4 Nc4 22. Bxc4 bxc4 23. Qd4+ f6 24. Rbd1 Qc5 25. Qxc5 Rxc5 26. Ne4
Rc7 27. Nd2 c3 28. Ne4 cxb2 29. c3 Re8 30. Nd6 Re6 31. Nxb7 Rxb7 32. Rb1 Re3
33. Rf2 Rxc3 34. a4 Rc1+ 35. Rf1 Rxb1 36. Rxb1 Kf7 37. Kf2 d4 38. Ke2 Ke6
39. Kd3 Kd5 40. g4 Rb3+ 41. Kc2 Kc4 42. Rxb2 Rxb2+ 43. Kxb2 Kd3 44. Kc1 Ke2
45. h4 d3 46. g5 d2+ 47. Kc2 d1=Q+ {White resigns} 0-1

[Event "ICC tourney 2808 (40 10)"]
[Site "Internet Chess Club"]
[Date "2022.01.29"]
[Round "2"]
[White "THAVUTAM, MANVITH:ManvithT"]
[Black "Steviejay"]
[Result "0-1"]
[ICCResult "White resigns"]
[WhiteElo "877"]
[BlackElo "1000"]
[Opening "Caro-Kann: two knights variation"]
[ECO "B10"]
[NIC "CK.08"]
[Time "13:16:18"]
[PlyCount "153"]
[TimeControl "2400+10"]

1. e4 c6 2. Nf3 d5 3. Nc3 dxe4 4. Nxe4 Nd7 5. d4 Ngf6 6. Nc3 g6 7. Be2 Bg7
8. O-O O-O 9. h3 Qc7 10. Re1 Re8 11. Bc4 e6 12. Bg5 Nd5 13. Bxd5 cxd5 14.
Nxd5 Qd6 15. Nc3 a6 16. d5 e5 17. Qd2 b5 18. a3 Bb7 19. Bh6 f6 20. Bxg7 Kxg7
21. Rad1 Rad8 22. Nh2 Nb6 23. Ne4 Qxd5 24. Qxd5 Bxd5 25. Nc3 Bb7 26. f3 Nc4
27. f4 e4 28. Rxd8 Rxd8 29. Kf2 f5 30. g4 Rd2+ 31. Re2 Rxe2+ 32. Kxe2 Nxb2
33. Nf1 Nc4 34. a4 bxa4 35. Nxa4 a5 36. Ne3 Nxe3 37. Kxe3 Bc6 38. Nc5 a4 39.
Na6 a3 40. Nb4 Bd7 41. c4 Be6 42. c5 a2 43. Nc2 Bd5 44. Kd4 Bb7 45. Kc3 Kf7
46. Kb2 Bd5 47. c6 Bxc6 48. Kxa2 Ke6 49. Kb3 Kd5 50. Kc3 Bd7 51. Nb4+ Kc5
52. Na6+ Kb6 53. Nb8 Kc7 54. Nxd7 Kxd7 55. Kd4 Kd6 56. Kc4 Kc6 57. Kd4 Kd6
58. Kc4 e3 59. Kd3 e2 60. Kxe2 Kd5 61. Ke3 Kc4 62. Kf3 Kd4 63. Kf2 Ke4 64.
Kg3 h6 65. h4 h5 66. gxh5 gxh5 67. Kh3 Kxf4 68. Kg2 Ke3 69. Kg3 f4+ 70. Kg2
Ke2 71. Kg1 f3 72. Kh2 f2 73. Kg3 f1=Q 74. Kh2 Qf2+ 75. Kh3 Qe1 76. Kh2
Qxh4+ 77. Kg2 {White resigns} 0-1

[Event "ICC tourney 2808 (40 10)"]
[Site "Internet Chess Club"]
[Date "2022.01.29"]
[Round "3"]
[White "ZHAO, DANSON:K01-30127679"]
[Black "SCHWARTZ, DOUGLAS S:Douglas1"]
[Result "0-1"]
[ICCResult "White resigns"]
[WhiteElo "1110"]
[BlackElo "1393"]
[Opening "Giuoco Piano"]
[ECO "C50"]
[NIC "IG.02"]
[Time "15:30:54"]
[PlyCount "36"]
[TimeControl "2400+10"]

1. e4 e5 2. Nf3 Nc6 3. Bc4 Bc5 4. Nc3 d6 5. h3 Nf6 6. d3 h6 7. O-O O-O 8.
Be3 Bb6 9. Bxb6 axb6 10. Qd2 Nh5 11. Qd1 Nf4 12. Nd5 Nxd5 13. Bxd5 Ne7 14.
Bb3 Ng6 15. Qd2 Nf4 16. d4 Qf6 17. dxe5 dxe5 18. Qc3 Ne2+ {White resigns}
0-1